AoeStats
← Fenix

African Clearing

510552916Analyzed
3v3 RM · 1d ago on Oct 1, 2026· 55m 53s· 6 players
Game mode
Random Map
Map size
Normal (6 player)
Population
200
Speed
Normal
Resources
Standard
Victory
Conquest
Starting age
Dark Age
Ending age
Imperial Age
RankedLock teamsTeams togetherTeam positionsShared explorationLock speedFull tech treeHidden civsTurbo modeCheats
Victory
Defeat
🇵🇪 Mongols · Peru
1297
+15
🇵🇪 Berbers · Peru
1297
+15
🇦🇷 Armenians · Argentina
1173
+20
🇨🇳 Koreans · China
1299
-18
🇻🇳 Saracens · Vietnam
1289
-17
🇭🇰 Franks · Hong Kong SAR China
1228
-15
empty
3:37 Loom
17:04 Feudal Age
20:49 Fletching
24:34 Castle Age
24:48 Light Cavalry
26:33 Forging
27:32 Scale Barding Armor
29:27 Chain Barding Armor
37:25 Double-Bit Axe
46:11 Bow Saw
49:06 Iron Casting
51:16 Husbandry
52:34 Wheelbarrow
54:32 Town Watch
halong1301
6:59 Loom
13:43 Feudal Age
17:58 Castle Age
17:08 Scale Barding Armor
17:22 Bloodlines
17:09 Double-Bit Axe
28:13 Horse Collar
30:47 Heavy Plow
33:05 Bow Saw
35:18 Husbandry
36:06 Scale Barding Armor
36:12 Forging
36:11 Light Cavalry
37:43 Chain Barding Armor
39:15 Iron Casting
40:25 Gold Mining
40:31 Stone Mining
42:31 Gold Shaft Mining
51:32 Imperial Age
51:56 Wheelbarrow
my teammate can 1v2
10:07 Loom
13:57 Feudal Age
14:52 Double-Bit Axe
17:48 Castle Age
21:11 Gold Mining
21:56 Horse Collar
23:13 Heavy Plow
28:48 Fletching
30:26 Stone Mining
31:55 Bodkin Arrow
34:28 Wheelbarrow
36:36 Stone Shaft Mining
36:58 Ballistics
39:11 Masonry
40:08 Careening
40:15 Town Watch
40:43 Treadmill Crane
41:15 Careening
41:01 Murder Holes
44:14 Imperial Age
41:27 Treadmill Crane
43:23 Gold Shaft Mining
43:53 Eupseong
45:04 Arrowslits
45:42 Conscription
45:42 Bow Saw
46:23 Husbandry
47:48 Chemistry
47:21 Town Patrol
48:19 Squires
48:05 Arson
48:48 Conscription
50:12 Architecture
49:05 Heavy Rocket Cart
51:11 Hand Cart
52:03 Pikeman
52:07 Elite Fire Lancer
54:36 Siege Engineers
55:13 Scale Mail Armor
55:24 Forging
55:18 Bracer
Anakin
8:51 Loom
11:23 Feudal Age
16:00 Castle Age
14:27 Double-Bit Axe
14:27 Horse Collar
14:55 Fletching
23:40 Bodkin Arrow
25:17 Padded Archer Armor
25:55 Ballistics
28:47 Husbandry
32:18 Bloodlines
33:27 Leather Archer Armor
34:39 Light Cavalry
40:30 Imperial Age
41:26 Wheelbarrow
41:36 Conscription
44:09 Bracer
45:13 Chemistry
47:22 Hand Cart
47:48 Elite Mangudai
48:41 Town Watch
50:38 Hoardings
50:49 Gold Mining
50:49 Stone Mining
Sacchetti
7:16 Loom
14:30 Feudal Age
18:58 Castle Age
16:57 Man-at-Arms
18:07 Forging
18:44 Long Swordsman
24:39 Double-Bit Axe
30:11 Horse Collar
33:58 Bow Saw
35:31 Wheelbarrow
35:00 Gold Mining
37:37 Redemption
40:43 Imperial Age
38:04 Gambesons
39:23 Hand Cart
39:03 Stone Mining
39:34 Scale Mail Armor
40:09 Iron Casting
41:31 Gold Shaft Mining
41:45 Iron Casting
41:25 Chain Mail Armor
41:22 Heavy Plow
42:09 Two-Handed Swordsman
42:36 Arson
43:33 Squires
43:05 Champion
44:15 Fereters
46:27 Blast Furnace
45:58 Plate Mail Armor
46:03 Conscription
50:46 Town Watch
Fenix
6:31 Loom
13:17 Feudal Age
14:08 Double-Bit Axe
17:44 Town Watch
26:24 Forging
33:04 Castle Age
32:09 Fletching
33:06 Gold Mining
34:17 Bow Saw
33:48 Horse Collar
35:37 Bodkin Arrow
35:55 Scale Barding Armor
37:33 Bloodlines
46:10 Imperial Age
46:39 Capped Ram
47:29 Squires
48:12 Conscription
47:17 Pikeman
50:33 Scale Mail Armor
53:42 Light Cavalry
55:49 Husbandry
Connection lost

Rejoining the realm…

Still unreachable

The connection could not be restored.

Session expired

The server has moved on; the page needs a fresh start.